 Dungeon Crawl Stone Soup version 0.27-a0-1149-g4505690ab0 (webtiles) character file.

Game seed: 1369388185877426274

1078 Azzok the Cleaver (level 8, 52/58 HPs)
             Began as a Demonspawn Berserker on May 14, 2021.
             Was a Priest of Trog.
             Quit the game on level 5 of the Dungeon.
             The game lasted 00:03:57 (5338 turns).

Azzok the Cleaver (Demonspawn Berserker)            Turns: 5338, Time: 00:03:57

Health: 52/58      AC: 14    Str: 19    XL:     8   Next: 8%
Magic:  8/8        EV:  6    Int:  9    God:    Trog [***...]
Gold:   254        SH:  4    Dex: 19    Spells: 7/7 levels left

rFire    . . .     SeeInvis .   r - +0 war axe
rCold    . . .     Faith    .   (no shield)
rNeg     . . .     Spirit   .   B - +0 plate armour
rPois    .         Reflect  .   n - +0 helmet
rElec    .         Harm     .   k - +0 cloak
rCorr    .         Rampage  .   i - +0 pair of gloves
Will     .....                  (no boots)
Stlth    ..........             (no amulet)
HPRegen  0.19/turn              t - +6 ring of dexterity
MPRegen  0.11/turn              (no ring)

@: on berserk cooldown
A: talons 2, foul stench 1, condensation shield
a: Renounce Religion, Berserk, Trog's Hand


You were on level 5 of the Dungeon.
You worshipped Trog.
Trog was most pleased with you.
You visited 1 branch of the dungeon, and saw 5 of its levels.

You collected 254 gold pieces.

Inventory:

Hand Weapons
 a - a +0 hand axe
 r - a +0 war axe (weapon)
Missiles
 y - 5 curare-tipped darts
Armour
 i - a +0 pair of gloves (worn)
 k - a +0 cloak (worn)
 n - a +0 helmet (worn)
 B - a +0 plate armour (worn)
Jewellery
 t - a +6 ring of dexterity (left hand)
Wands
 x - a wand of polymorph (7)
Scrolls
 b - 5 scrolls of teleportation {unknown}
 c - a scroll of amnesia {unknown}
 d - 2 scrolls of fog {unknown}
 f - 2 scrolls of vulnerability {unknown}
 j - 2 scrolls of silence {unknown}
 l - 2 scrolls of immolation {unknown}
 m - a scroll of identify {unknown}
 o - 2 scrolls of enchant armour {unknown}
 q - a scroll of brand weapon {unknown}
 s - a scroll of holy word {unknown}
 z - a scroll of acquirement {unknown}
Potions
 e - a potion of attraction {unknown}
 g - 3 potions of heal wounds
 h - 2 potions of brilliance {unknown}
 p - a potion of flight {unknown}
 v - a potion of lignification {unknown}
 w - a potion of mutation {unknown}
 A - a potion of curing {unknown}


   Skills:
 - Level 3.0 Fighting
 + Level 9.1 Axes
 - Level 1.7 Armour
 - Level 1.7 Dodging


You had 7 spell levels left.
You didn't know any spells.
Your spell library was empty.

Dungeon Overview and Level Annotations

Branches:
Dungeon (5/15)             Temple (0/1) D:5

Altars:
Yredelemnul

Shops:
D:5 (


Innate Abilities, Weirdness & Mutations

You have razor-sharp toenails.
You may rarely emit foul miasma when damaged in melee.
A meltable shield of frost defends you. (SH +4)


Message History

The vampire mosquito draws strength from your injuries!
The vampire mosquito bites you.
The vampire mosquito draws strength from your injuries!
You closely miss the vampire mosquito. Your kick misses the vampire mosquito.
The vampire mosquito is severely damaged.
The vampire mosquito barely misses you.
You hit the vampire mosquito. Your kick misses the vampire mosquito.
The vampire mosquito is severely damaged.
Your plate armour prevents you from hitting the orc.
The vampire mosquito bites you but does no damage.
You slash the vampire mosquito!
You destroy the vampire mosquito!
Trog accepts your kill.
You closely miss the orc. The orc hits you but does no damage.
Your Axes skill increases to level 9!
You have reached level 8!
You feel agile.
Your demonic ancestry asserts itself...
You begin to emit a foul stench of rot and decay.
The orc barely misses you. The orc closely misses you.
You see here a vampire mosquito corpse.
You slash the orc!
You feel the power of Trog in you as your rage grows.
You kill the orc!
Trog accepts your kill.
You barely miss the orc. The orc hits you but does no damage.
You see here a +0 whip.
You slash the orc!
You feel the power of Trog in you as your rage grows.
You kill the orc!
Trog accepts your kill.
Things that are here:
a +0 hand axe; a +0 leather armour You feel a strong urge to attack something.
You feel your anger nearly subside.
You are no longer berserk.
You are exhausted.
You feel yourself slow down.
You feel yourself speed up.
Are you sure you want to abandon this character and quit the game? (Confirm with "yes".)

▒▒▒···▒·▒ ▒··▒▒·▒ ▒
▒▒···▒▒▒··· ▒··▒▒·▒ ▒
▒····▒▒▒▒▒▒▒▒▒·▒▒▒·▒ ▒▒
▒··▒▒▒··▒······▒···▒ ▒·
▒··▒[╬··▒······▒··▒▒ ▒·
▒··▒▒▒▒'▒······▒··▒▒▒▒·
▒▒▒▒▒···▒···▒······▒·······
▒·······▒)··▒······▒····▒▒▒
▒··▒▒▒··▒†@·▒······▒··▒▒▒▒·
▒▒▒▒ ▒▒▒▒)▒▒▒▒▒▒▒'▒▒▒·▒▒···
▒··$·▒·····▒···▒▒·▒·
▒····▒····)▒·▒▒▒▒···
▒▒▒▒····▒·····▒·······▒
▒▒▒▒▒▒▒▒··▒····'···)·▒····▒··▒
▒·········▒▒▒▒▒▒·····▒·∩······
▒·········▒···▒▒▒▒▒▒▒▒········
▒·········▒···················


There were no monsters in sight!

Vanquished Creatures
  A wraith (D:5)
  A vampire mosquito (D:5)
  Purgy (D:3)
  An ogre (D:4)
  A phantom (D:5)
  A bullfrog (D:4)
  A scorpion (D:5)
  A hound (D:5)
  A bullfrog zombie (D:5)
  2 orc priests
  Crazy Yiuf (D:2)
  A bullfrog skeleton (D:5)
  Jessica (D:3)
  2 iguanas (D:5)
  6 gnolls
  3 adders
  An ufetubus (D:4)
  An adder skeleton (D:4)
  A worm (D:5)
  A dart slug (D:1)
  17 orcs
  6 endoplasms
  2 giant cockroaches
  6 goblins
  3 hobgoblins
  3 jackals (D:1)
  A quokka (D:5)
  8 ball pythons
  3 bats
  2 frilled lizards
  A kobold (D:2)
  4 rats
85 creatures vanquished.

Notes
Turn   | Place    | Note
-------+----------+-------------------------------------------
     0 | D:1      | Azzok the Demonspawn Berserker began the quest for the Orb.
     0 | D:1      | Reached XP level 1. HP: 18/18 MP: 1/1
   218 | D:1      | Reached skill level 3 in Axes
   538 | D:1      | Gained mutation: You have sharp toenails. [demonic
                  | ancestry]
   538 | D:1      | Reached XP level 2. HP: 24/24 MP: 2/2
  1546 | D:2      | Reached XP level 3. HP: 24/29 MP: 3/3
  1549 | D:2      | HP: 2/43 [gnoll/+0 flail (11)]
  1551 | D:2      | Reached skill level 4 in Axes
  1869 | D:2      | Found a faded altar of an unknown god.
  2269 | D:2      | Found a runed translucent door.
  2270 | D:2      | Noticed Crazy Yiuf
  2276 | D:2      | Killed Crazy Yiuf
  2277 | D:2      | Reached XP level 4. HP: 35/35 MP: 4/4
  2502 | D:3      | Noticed Jessica
  2504 | D:3      | Reached ** piety under Trog
  2506 | D:3      | Killed Jessica
  2507 | D:3      | Reached skill level 5 in Axes
  2537 | D:3      | Noticed Purgy
  2545 | D:3      | Killed Purgy
  2546 | D:3      | Gained mutation: You have razor-sharp toenails. [demonic
                  | ancestry]
  2546 | D:3      | Reached XP level 5. HP: 41/41 MP: 5/5
  2867 | D:4      | Reached skill level 6 in Axes
  3116 | D:4      | Noticed an ogre
  3120 | D:4      | Reached XP level 6. HP: 38/47 MP: 6/6
  3127 | D:4      | Reached skill level 7 in Axes
  4346 | D:5      | Entered Level 5 of the Dungeon
  4376 | D:5      | Noticed a wraith
  4384 | D:5      | Gained mutation: A meltable shield of frost defends you.
                  | (SH +4) [demonic ancestry]
  4384 | D:5      | Reached XP level 7. HP: 52/52 MP: 7/7
  4390 | D:5      | Killed a wraith
  4391 | D:5      | Reached skill level 8 in Axes
  4677 | D:5      | Found Oruac's Weapon Emporium.
  5034 | D:5      | Found a basalt altar of Yredelemnul.
  5087 | D:5      | Found a staircase to the Ecumenical Temple.
  5195 | D:5      | Noticed a vampire mosquito
  5308 | D:5      | Killed a vampire mosquito
  5308 | D:5      | Reached *** piety under Trog
  5309 | D:5      | Reached skill level 9 in Axes
  5309 | D:5      | Gained mutation: You may rarely emit foul miasma when
                  | damaged in melee. [demonic ancestry]
  5309 | D:5      | Reached XP level 8. HP: 58/58 MP: 8/8
  5338 | D:5      | Quit the game

Illustrated notes

Levels and vault maps discovered:
D:1:      grunt_arrival_crossed_arrows, layout_loops_corners
D:2:      layout_basic, ebering_ecumenical_altar_hall, uniq_crazy_yiuf_cottage
D:3:      minmay_octagon_keep, layout_rooms, zin_statuary,
          minmay_misc_feat_nine_boxes, uniq_jessica, uniq_purgy
D:4:      layout_layer_cave, chequers_serial_rivers_micro_e
D:5:      minmay_clustersquares, layout_rooms, lemuel_tele_altar, temple_pool_b,
          serial_shops, shop, minmay_misc_feat_roman

Skill      XL: |  1  2  3  4  5  6  7 |
---------------+----------------------+-----
Axes           | 3 4 5 6 7 9 |  9.1
Fighting       | |  3.0
Armour         | |  1.7
Dodging        | |  1.7

Action                   |  1- 3 |  4- 6 |  7- 9 || total
-------------------------+-------+-------+-------++-------
Melee: Hand axe          |    65 |    34 |       ||    99
       Kick              |    10 |    24 |    19 ||    53
       War axe           |       |    34 |    67 ||   101
Invok: Berserk           |     3 |     4 |     1 ||     8
 Stab: Sleeping          |     1 |       |       ||     1
Armor: Animal skin       |     4 |       |       ||     4
       Leather armour    |    16 |       |       ||    16
       Scale mail        |       |    26 |       ||    26
       Chain mail        |       |    14 |    13 ||    27
       Plate armour      |       |       |    25 ||    25
Dodge: Dodged            |    38 |    54 |    21 ||   113
Block: Other             |       |       |     6 ||     6

Table legend: (Time is in decaauts)
 A = Elapsed time spent in this place.
 B = Non-inter-level travel time spent in this place.
 C = Inter-level travel time spent in this place.
 D = Time resting spent in this place.
 E = Time spent auto-exploring this place.
 F = Levels seen in this place.
 G = Mean time per level.
                   A        B        C        D        E       F      G
               +--------+--------+--------+--------+--------+-----+--------+
         Total |   5429 |   5284 |    145 |    602 |   4043 |   5 | 1085.8 |
       Dungeon |   5429 |   5284 |    145 |    602 |   4043 |   5 | 1085.8 |
               +--------+--------+--------+--------+--------+-----+--------+

Top non-repeatable levels by time:
     D:4: 1548 daAuts
     D:1: 1249 daAuts
     D:2: 1112 daAuts
     D:5: 1012 daAuts
     D:3: 506 daAuts
